 Dungeon Crawl Stone Soup version 0.28-a0-630-g0357d9c091 (webtiles) character file.

Game seed: 16630767856226851989

23 Gargoyl the Skirmisher (level 2, 0/29 HPs)
             Began as a Gnoll Abyssal Knight on Oct 9, 2021.
             Was a Follower of Lugonu.
             Succumbed to Sigmund's poison
             ... on level 1 of the Dungeon.
             The game lasted 00:01:25 (1131 turns).

Gargoyl the Skirmisher (Gnoll Abyssal Knight)       Turns: 1131, Time: 00:01:26

Health: 0/29       AC: 12    Str: 12    XL:     2   Next: 95%
Magic:  5/5        EV:  3    Int:  9    God:    Lugonu [*.....]
Gold:   55         SH:  0    Dex: 12    Spells: 2/2 levels left

rFire   . . .      SeeInvis .   a - +1 hand axe
rCold   . . .      Faith    .   (no shield)
rNeg    . . .      Spirit   .   h - +0 plate armour
rPois   .          Reflect  .   (no helmet)
rElec   .          Harm     .   (no cloak)
rCorr   .          Rampage  .   (no gloves)
Will    .....                   (no boots)
Stlth   ..........              c - amulet of regeneration
HPRegen 1.09/turn               (no ring)
MPRegen 0.09/turn               (no ring)

@: brilliant, lethally poisoned (0 -> -16), hasted, very quick
A: fangs 1, strong nose, distributed training
a: Renounce Religion, Depart the Abyss


You were on level 1 of the Dungeon.
You worshipped Lugonu.
Lugonu was aware of your devotion.
You visited 1 branch of the dungeon, and saw 2 of its levels.
You visited the Abyss 1 time.

You collected 55 gold pieces.

Inventory:

Hand Weapons
 a - a +1 hand axe (weapon)
Missiles
 e - 25 poisoned darts (quivered)
Armour
 h - a +0 plate armour (worn)
Jewellery
 c - an amulet of regeneration (around neck)
Scrolls
 b - a scroll of acquirement {unknown}
 d - a scroll of fog {unknown}
 f - a scroll of silence {unknown}


   Skills:
 + Level 6.5 Fighting
 + Level 0.5 Short Blades
 + Level 0.5 Long Blades
 + Level 4.5 Axes
 + Level 0.5 Maces & Flails
 + Level 0.5 Polearms
 + Level 0.5 Staves
 + Level 0.5 Slings
 + Level 0.5 Bows
 + Level 0.5 Crossbows
 + Level 0.5 Throwing
 + Level 4.5 Armour
 + Level 2.5 Dodging
 + Level 0.5 Stealth
 + Level 0.5 Shields
 + Level 0.5 Unarmed Combat
 + Level 0.5 Spellcasting
 + Level 0.4 Conjurations
 + Level 0.4 Hexes
 + Level 0.4 Summonings
 + Level 0.4 Necromancy
 + Level 0.4 Translocations
 + Level 0.4 Transmutations
 + Level 0.4 Fire Magic
 + Level 0.4 Ice Magic
 + Level 0.4 Air Magic
 + Level 0.4 Earth Magic
 + Level 0.4 Poison Magic
 + Level 4.5 Invocations
 + Level 0.5 Evocations


You had 2 spell levels left.
You didn't know any spells.
Your spell library was empty.

Dungeon Overview and Level Annotations

Branches:
Dungeon (2/15)

Altars:

Shops:
D:1 :

Annotations:
D:1 Sigmund


Innate Abilities, Weirdness & Mutations

You have very sharp teeth.
Your uncanny sense of smell can sniff out nearby items.
Your experience applies equally to all skills.


Message History

Things that are here:
a +0 club; a goblin skeleton
There is a stone staircase leading down here.
You climb downwards.
Sigmund shouts!
The kobold shouts!
Found a fuming ruby potion.
There is a stone staircase leading up here.
There are monsters nearby!
Sigmund gestures at you while chanting. The puff of flame hits you.
You climb upwards.
There is a stone staircase leading down here.
Okay, then.
You closely miss Sigmund.
Sigmund points at you and mumbles some strange words.
You are confused.
You barely miss Sigmund. Your bite misses Sigmund.
Sigmund casts a spell at you. The magic dart hits you.
Sigmund hits you from afar with a +4 scythe of venom!
You are poisoned.
It was a potion of heal wounds.
You feel much better.
You feel very sick.
It was a potion of brilliance.
You feel clever all of a sudden.
You feel very sick. Sigmund hits you but does no damage.
It was a potion of haste.
You feel yourself speed up.
You feel less confused.
You feel very sick.
Sigmund hits you from afar with a +4 scythe of venom!
* * * LOW HITPOINT WARNING * * *
You are lethally poisoned!
Unknown command.
* * * LOW HITPOINT WARNING * * *
You feel very sick.
There is a stone staircase leading down here.
You hit Sigmund.
Sigmund is lightly wounded.
You die...

# #.#.##.########.#.#######.# #
#...............#.# #.# #
#######.#.##########.# #.# #
#....................# #.#
####.#...#.#.############ #.#
.....#...#.#.# #.#
####.....#.#.##################.#
####.....#.#....................#
........)......@@################
####.....#+###.รท....# #
#..###...##......# #
####...##...##......# ###########
#.##.#.##...##......###..........
#....#..#...##..................#
#.#####.#...##...[..##########.##
#.# #.#...######### #.# #.#
#..#.## #.#


You could see Sigmund.

Vanquished Creatures
  3 ball pythons (D:1)
  2 giant cockroaches (D:1)
  4 goblins (D:1)
  A hobgoblin (D:1)
  3 bats (D:1)
  3 frilled lizards (D:1)
  3 kobolds (D:1)
  4 rats (D:1)
23 creatures vanquished.

Notes
Turn   | Place    | Note
-------+----------+-------------------------------------------
     0 | Abyss:1  | Gargoyl the Gnoll Abyssal Knight began the quest for the
                  | Orb.
     0 | Abyss:1  | Reached XP level 1. HP: 23/23 MP: 3/3
   135 | Abyss:1  | Noticed an apocalypse crab
   136 | Abyss:1  | Noticed a tentacled starspawn
   155 | Abyss:1  | Noticed a small abomination
   159 | D:1      | Escaped the Abyss
   285 | D:1      | Reached * piety under Lugonu
   474 | D:1      | Reached XP level 2. HP: 29/29 MP: 5/5
   617 | D:1      | Found Ween's Book Boutique.
  1121 | D:2      | Noticed Sigmund
  1131 | D:1      | Succumbed to Sigmund's poison

Illustrated notes

Levels and vault maps discovered:
D:1:      dpeg_arrival_rooms_b, layout_basic, serial_shops, nicolae_square_shop
D:2:      kb_forest_paths, layout_loops_ring, uniq_crazy_yiuf_cottage,
          uniq_sigmund, uniq_terence

Action                   || total
-------------------------++-------
Melee: Hand axe          ||    74
       Bite              ||     3
Invok: Depart the Abyss  ||     1
  Use: Potion            ||     3
 Stab: Sleeping          ||     2
Armor: Leather armour    ||     6
       Plate armour      ||    45
Dodge: Dodged            ||    23

Table legend: (Time is in decaauts)
 A = Elapsed time spent in this place.
 B = Non-inter-level travel time spent in this place.
 C = Inter-level travel time spent in this place.
 D = Time resting spent in this place.
 E = Time spent auto-exploring this place.
 F = Levels seen in this place.
 G = Mean time per level.
                   A        B        C        D        E       F      G
               +--------+--------+--------+--------+--------+-----+--------+
         Total |   1136 |   1121 |     15 |      0 |    841 |   3 |  378.7 |
       Dungeon |    977 |    962 |     15 |      0 |    716 |   2 |  488.5 |
         Abyss |    159 |    159 |      0 |      0 |    125 |   1 |  159.0 |
               +--------+--------+--------+--------+--------+-----+--------+

Top non-repeatable levels by time:
     D:1: 975 daAuts
 Abyss:1: 159 daAuts
     D:2: 1 daAuts
